BSA
KALAMAZOO ROYALE WITH CHEESE @ FRESNO DEPLORABLES
04/14/2026
 
TOP OF THE 1ST
Kalamazoo Royale with Cheese batting - Pitching for Portland Cards : RHP Yong-hoon Park
Pitching: RHP Yong-hoon Park
Batting: RHB Fernando Martínez 0-0: Called Strike
0-1: Ball
1-1: Foul Ball, location: 2F
1-2: Ball
2-2: SOLO HOME RUN (Flyball, 78D), Distance : 390 ft
Batting: LHB Robinson Fernández 0-0: Fly out, F7 (Flyball, 7S)
Batting: RHB Run-ming Zhu 0-0: Foul Ball, location: 2F
0-1: Ball
1-1: Ground out 5-3 (Groundball, 6S)
Batting: LHB Seung-woo Yi 0-0: Called Strike
0-1: Foul Ball, location: 2F
0-2: Ball
1-2: Ground out 4-3 (Groundball, 4)
Top of the 1st over - 1 run(s), 1 hit(s), 0 error(s), 0 left on base; Kalamazoo 1 - Portland 0
BOTTOM OF THE 1ST
Portland Cards batting - Pitching for Kalamazoo Royale with Cheese : LHP Octávio Ramírez
Pitching: LHP Octávio Ramírez
Batting: LHB John Cotton 0-0: Foul Ball, location: 2F
0-1: Ball
1-1: Ball
2-1: SINGLE (Line Drive, 8RS)
Batting: RHB Aaron Scott 0-0: Ball
1-0: Ball
2-0: Ball
3-0: Swinging Strike
3-1: Foul Ball, location: 2F
3-2: Fly out, F8 (Flyball, 8RXD)
Runner from 1st tags up, SAFE at 2nd
Batting: LHB Jeff Daniels 0-0: Called Strike
0-1: Ball
1-1: Ground out 4-3 (Groundball, 13)
John Cotton to third
Batting: RHB Paco Arellano 0-0: 2-RUN HOME RUN (Flyball, 78XD), Distance : 386 ft
Batting: LHB Paul Mullins 0-0: Ball
1-0: Ball
2-0: Fly out, F8 (Flyball, 8RD)
Bottom of the 1st over - 2 run(s), 2 hit(s), 0 error(s), 0 left on base; Kalamazoo 1 - Portland 2
TOP OF THE 2ND
Kalamazoo Royale with Cheese batting - Pitching for Portland Cards : RHP Yong-hoon Park
Batting: RHB Juan Jose Guevana 0-0: Swinging Strike
0-1: Ball
1-1: Foul Ball, location: 2F
1-2: Ground out 5-3 (Groundball, 56)
Batting: RHB Juan Mendoza 0-0: Called Strike
0-1: Swinging Strike
0-2: Foul Ball, location: 2F
0-2: Strikes out swinging
Batting: RHB Miguel Encarnación 0-0: Called Strike
0-1: Foul Ball, location: 2F
0-2: Ball
1-2: Foul Ball, location: 2F
1-2: Foul Ball, location: 2F
1-2: Ball
2-2: Ground out 6-3 (Groundball, 6)
Top of the 2nd over - 0 run(s), 0 hit(s), 0 error(s), 0 left on base; Kalamazoo 1 - Portland 2
BOTTOM OF THE 2ND
Portland Cards batting - Pitching for Kalamazoo Royale with Cheese : LHP Octávio Ramírez
Batting: RHB Germán Rosales 0-0: Ball
1-0: Fly out, F4 (Line Drive, 34)
Batting: LHB Tom Blake 0-0: Called Strike
0-1: Foul Ball, location: 2F
0-2: Strikes out swinging
Batting: RHB Dani Vázquez 0-0: Ball
1-0: Ball
2-0: Ball
3-0: Called Strike
3-1: Base on Balls
Batting: LHB Keith Beard 0-0: Ball
1-0: Foul Ball, location: 2F
1-1: Ball
2-1: Fly out, F7 (Flyball, 7LM)
Bottom of the 2nd over - 0 run(s), 0 hit(s), 0 error(s), 1 left on base; Kalamazoo 1 - Portland 2
TOP OF THE 3RD
Kalamazoo Royale with Cheese batting - Pitching for Portland Cards : RHP Yong-hoon Park
Batting: LHB Roberto Sandoval 0-0: Fly out, F5 (Popup, 5F)
Batting: RHB Jorge Márquez 0-0: Ball
1-0: Ball
2-0: Ball
3-0: Called Strike
3-1: Fly out, F9 (Flyball, 9LM)
Batting: RHB Fernando Martínez 0-0: Swinging Strike
0-1: Ball
1-1: Swinging Strike
1-2: Strikes out swinging
Top of the 3rd over - 0 run(s), 0 hit(s), 0 error(s), 0 left on base; Kalamazoo 1 - Portland 2
BOTTOM OF THE 3RD
Portland Cards batting - Pitching for Kalamazoo Royale with Cheese : LHP Octávio Ramírez
Batting: LHB John Cotton 0-0: Swinging Strike
0-1: Ball
1-1: Ball
2-1: Foul Ball, location: 2F
2-2: Ball
3-2: Strikes out swinging
Batting: RHB Aaron Scott 0-0: Swinging Strike
0-1: Fly out, F8 (Flyball, 8RXD)
Batting: LHB Jeff Daniels 0-0: Ball
1-0: Ball
2-0: Foul Ball, location: 2F
2-1: Fly out, F9 (Flyball, 89XD)
Bottom of the 3rd over - 0 run(s), 0 hit(s), 0 error(s), 0 left on base; Kalamazoo 1 - Portland 2
TOP OF THE 4TH
Kalamazoo Royale with Cheese batting - Pitching for Portland Cards : RHP Yong-hoon Park
Batting: LHB Robinson Fernández 0-0: Ball
1-0: Ball
2-0: Swinging Strike
2-1: Ground out 6-3 (Groundball, 6M)
Batting: RHB Run-ming Zhu 0-0: Foul Ball, location: 2F
0-1: DOUBLE (Groundball, 5L)
Batting: LHB Seung-woo Yi 0-0: Swinging Strike
0-1: SINGLE (Groundball, 4MD)
Run-ming Zhu to third
Runner from 3rd tries for Home, SAFE, no throw or cutoff
Batting: RHB Juan Jose Guevana 0-0: Foul Ball, location: 2F
0-1: Foul Ball, location: 2F
0-2: Strikes out swinging
Batting: RHB Juan Mendoza 0-0: Ball
1-0: SINGLE (Groundball, 15) (infield hit)
Seung-woo Yi to second
Batting: RHB Miguel Encarnación 0-0: Ball
1-0: Ball
2-0: Called Strike
2-1: Ground out 6-3 (Groundball, 6)
Top of the 4th over - 1 run(s), 3 hit(s), 0 error(s), 2 left on base; Kalamazoo 2 - Portland 2
BOTTOM OF THE 4TH
Portland Cards batting - Pitching for Kalamazoo Royale with Cheese : LHP Octávio Ramírez
Batting: RHB Paco Arellano 0-0: Ball
1-0: Ball
2-0: Swinging Strike
2-1: Foul Ball, location: 2F
2-2: DOUBLE (Flyball, 9D)
Batting: LHB Paul Mullins 0-0: Ball
1-0: Foul Ball, location: 2F
1-1: Ball
2-1: Ball
3-1: Foul Ball, location: 2F
3-2: 2-RUN HOME RUN (Flyball, 9D), Distance : 350 ft
Batting: RHB Germán Rosales 0-0: Called Strike
0-1: Ball
1-1: Fly out, F4 (Popup, 4MD)
Batting: LHB Tom Blake 0-0: Called Strike
0-1: Ball
1-1: Called Strike
1-2: Foul Ball, location: 2F
1-2: Strikes out swinging
Batting: RHB Dani Vázquez 0-0: Ball
1-0: Ball
2-0: Ball
3-0: Base on Balls
Batting: LHB Keith Beard 0-0: Ground out 1-3 (Groundball, 15S)
Bottom of the 4th over - 2 run(s), 2 hit(s), 0 error(s), 1 left on base; Kalamazoo 2 - Portland 4
TOP OF THE 5TH
Kalamazoo Royale with Cheese batting - Pitching for Portland Cards : RHP Yong-hoon Park
Batting: LHB Roberto Sandoval 0-0: Ball
1-0: Foul Ball, location: 2F
1-1: Ground out 4-3 (Groundball, 4M)
Batting: RHB Jorge Márquez 0-0: Foul Ball, location: 2F
0-1: Ball
1-1: Ball
2-1: Fly out, F9 (Flyball, 89S)
Batting: RHB Fernando Martínez 0-0: Ball
1-0: Swinging Strike
1-1: Ball
2-1: Ball
3-1: Base on Balls
Batting: LHB Robinson Fernández 0-0: Ball
1-0: Called Strike
1-1: Ball
2-1: Foul Ball, location: 2F
2-2: Ball
3-2: 2-RUN HOME RUN (Flyball, 8RXD), Distance : 407 ft
Batting: RHB Run-ming Zhu 0-0: Ball
1-0: DOUBLE (Popup, 6MD)
Batting: LHB Seung-woo Yi 0-0: Called Strike
0-1: Ball
1-1: Swinging Strike
1-2: Fly out, F7 (Flyball, 7LM)
Top of the 5th over - 2 run(s), 2 hit(s), 0 error(s), 1 left on base; Kalamazoo 4 - Portland 4
BOTTOM OF THE 5TH
Portland Cards batting - Pitching for Kalamazoo Royale with Cheese : LHP Octávio Ramírez
Batting: LHB John Cotton 0-0: Called Strike
0-1: Foul Ball, location: 2F
0-2: Ball
1-2: Ball
2-2: Fly out, F7 (Flyball, 7D)
Batting: RHB Aaron Scott 0-0: Swinging Strike
0-1: Ball
1-1: Fly out, F4 (Popup, 34D)
Batting: LHB Jeff Daniels 0-0: Called Strike
0-1: Swinging Strike
0-2: Ball
1-2: Strikes out swinging
Bottom of the 5th over - 0 run(s), 0 hit(s), 0 error(s), 0 left on base; Kalamazoo 4 - Portland 4
TOP OF THE 6TH
Kalamazoo Royale with Cheese batting - Pitching for Portland Cards : RHP Yong-hoon Park
Batting: RHB Juan Jose Guevana 0-0: Foul Ball, location: 2F
0-1: DOUBLE (Line Drive, 7LS)
Batting: RHB Juan Mendoza 0-0: Ball
1-0: Called Strike
1-1: Ball
2-1: Ball
3-1: SINGLE (Line Drive, 4MD)
Juan Jose Guevana to third
Pitching: LHP Edgardo Guzmán
Batting: RHB Miguel Encarnación 0-0: Ball
1-0: Ball
2-0: Swinging Strike
2-1: Swinging Strike
2-2: Ball
3-2: Foul Ball, location: 2F
3-2: Strikes out swinging
Batting: LHB Roberto Sandoval 0-0: Ball
1-0: Called Strike
1-1: Ball
2-1: Ball
3-1: Foul Ball, location: 2F
3-2: Strikes out swinging
Juan Mendoza is caught stealing 2nd base
Batter strikes out.
Top of the 6th over - 0 run(s), 2 hit(s), 0 error(s), 1 left on base; Kalamazoo 4 - Portland 4
BOTTOM OF THE 6TH
Portland Cards batting - Pitching for Kalamazoo Royale with Cheese : LHP Octávio Ramírez
Batting: RHB Paco Arellano 0-0: Called Strike
0-1: Called Strike
0-2: Ball
1-2: Foul Ball, location: 2F
1-2: Strikes out swinging
Batting: LHB Paul Mullins 0-0: Ball
1-0: Ball
2-0: Ball
3-0: Called Strike
3-1: Foul Ball, location: 2F
3-2: Foul Ball, location: 2F
3-2: Foul Ball, location: 2F
3-2: Ground out 1-3 (Groundball, 13S)
Batting: RHB Germán Rosales 0-0: Foul Ball, location: 2F
0-1: Foul Ball, location: 2F
0-2: Ball
1-2: Strikes out swinging
Bottom of the 6th over - 0 run(s), 0 hit(s), 0 error(s), 0 left on base; Kalamazoo 4 - Portland 4
TOP OF THE 7TH
Kalamazoo Royale with Cheese batting - Pitching for Portland Cards : LHP Edgardo Guzmán
Batting: RHB Jorge Márquez 0-0: Ball
1-0: Ball
2-0: Ground out 6-3 (Groundball, 6MD)
Batting: RHB Fernando Martínez 0-0: Foul Ball, location: 2F
0-1: Ball
1-1: Ball
2-1: Foul Ball, location: 2F
2-2: SINGLE (Line Drive, 56D)
Batting: LHB Robinson Fernández 0-0: Ball
1-0: Called Strike
1-1: Fly out, F4 (Line Drive, 4)
Batting: RHB Run-ming Zhu 0-0: Foul Ball, location: 2F
0-1: Ball
1-1: Ball
2-1: Called Strike
Pickoff Throw by Catcher to First - Error! E2
Fernando Martínez to second
2-2: Ground out 4-3 (Groundball, 4)
Top of the 7th over - 0 run(s), 1 hit(s), 1 error(s), 1 left on base; Kalamazoo 4 - Portland 4
BOTTOM OF THE 7TH
Portland Cards batting - Pitching for Kalamazoo Royale with Cheese : LHP Octávio Ramírez
Pitching: RHP Michael Carr
Batting: LHB Tom Blake 0-0: Called Strike
0-1: Fly out, F8 (Flyball, 8LD)
Batting: RHB Dani Vázquez 0-0: Swinging Strike
0-1: Fly out, F3 (Popup, 3F)
Pitching: LHP Morgan McDormand
Batting: LHB Keith Beard 0-0: Ball
1-0: Called Strike
1-1: Ball
2-1: Called Strike
2-2: Ball
3-2: Ground out 3-1 (Groundball, 34)
Bottom of the 7th over - 0 run(s), 0 hit(s), 0 error(s), 0 left on base; Kalamazoo 4 - Portland 4
TOP OF THE 8TH
Kalamazoo Royale with Cheese batting - Pitching for Portland Cards : RHP Armen Boyajian
Pitching: RHP Armen Boyajian
Batting: LHB Seung-woo Yi 0-0: Ground out 4-3 (Groundball, 34)
Batting: RHB Juan Jose Guevana 0-0: Foul Ball, location: 2F
0-1: Ground out 6-3 (Groundball, 6)
Batting: RHB Juan Mendoza 0-0: Ball
1-0: Swinging Strike
1-1: Ground out 5-3 (Groundball, 5)
Top of the 8th over - 0 run(s), 0 hit(s), 0 error(s), 0 left on base; Kalamazoo 4 - Portland 4
BOTTOM OF THE 8TH
Portland Cards batting - Pitching for Kalamazoo Royale with Cheese : LHP Morgan McDormand
Pitching: RHP Josh Graham
Batting: LHB John Cotton 0-0: Called Strike
0-1: Ball
1-1: Called Strike
1-2: Ball
2-2: Foul Ball, location: 2F
2-2: Fly out, F8 (Flyball, 8LM)
Batting: RHB Aaron Scott 0-0: Fly out, F8 (Flyball, 8RM)
Pitching: LHP Gian-Andrea Nota
Batting: LHB Jeff Daniels 0-0: Ball
1-0: SINGLE (Line Drive, 9S)
Batting: RHB Paco Arellano 0-0: Called Strike
0-1: Swinging Strike
0-2: Ball
1-2: Strikes out looking
Bottom of the 8th over - 0 run(s), 1 hit(s), 0 error(s), 1 left on base; Kalamazoo 4 - Portland 4
TOP OF THE 9TH
Kalamazoo Royale with Cheese batting - Pitching for Portland Cards : RHP Armen Boyajian
Pitching: LHP Mark Murchison
Batting: RHB Miguel Encarnación 0-0: Ball
1-0: Foul Ball, location: 2F
1-1: Ball
2-1: Ball
3-1: Base on Balls
Pinch Hitting: RHB Fernando Díaz 0-0: Called Strike
0-1: Ball
1-1: Grounds into double play, 6-4-3 (Groundball, 6)
Batting: RHB Jorge Márquez 0-0: Ground out 5-3 (Groundball, 5)
Top of the 9th over - 0 run(s), 0 hit(s), 0 error(s), 0 left on base; Kalamazoo 4 - Portland 4
BOTTOM OF THE 9TH
Portland Cards batting - Pitching for Kalamazoo Royale with Cheese : LHP Gian-Andrea Nota
Pitching: RHP Eric Richards
Now at 3B: Jonathan MacVey
Batting: LHB Paul Mullins 0-0: Foul Ball, location: 2F
0-1: Called Strike
0-2: Ball
1-2: Ball
2-2: Foul Ball, location: 2F
2-2: SINGLE (Line Drive, 4M)
Batting: RHB Germán Rosales 0-0: Bunt missed!
0-1: Sac Bunt - play at first, batter safe!
Paul Mullins to second
Batting: LHB Tom Blake 0-0: Sac Bunt - play at first, batter OUT! 5-4
Paul Mullins to third
Germán Rosales to second
Batting: RHB Dani Vázquez 0-0: Intentional Walk
Batting: LHB Keith Beard 0-0: Ball
1-0: Swinging Strike
1-1: Called Strike
1-2: Ball
2-2: Grounds into double play, 4-2-3 (Groundball, 4)
Bottom of the 9th over - 0 run(s), 2 hit(s), 0 error(s), 2 left on base; Kalamazoo 4 - Portland 4
TOP OF THE 10TH
Kalamazoo Royale with Cheese batting - Pitching for Portland Cards : LHP Mark Murchison
Batting: RHB Fernando Martínez 0-0: Swinging Strike
0-1: Swinging Strike
0-2: Ground out 1-3 (Groundball, 23)
Batting: LHB Robinson Fernández 0-0: SOLO HOME RUN (Flyball, 89XD), Distance : 383 ft
Batting: RHB Run-ming Zhu 0-0: Called Strike
0-1: Ball
1-1: Foul Ball, location: 2F
1-2: Ball
2-2: Strikes out looking
Batting: LHB Seung-woo Yi 0-0: Called Strike
0-1: Ball
1-1: Foul Ball, location: 2F
1-2: Strikes out looking
Top of the 10th over - 1 run(s), 1 hit(s), 0 error(s), 0 left on base; Kalamazoo 5 - Portland 4
BOTTOM OF THE 10TH
Portland Cards batting - Pitching for Kalamazoo Royale with Cheese : RHP Eric Richards
Batting: LHB John Cotton 0-0: Ball
1-0: Foul Ball, location: 2F
1-1: Called Strike
1-2: Ball
2-2: Fly out, F7 (Flyball, 78S)
Batting: RHB Aaron Scott 0-0: Called Strike
0-1: Foul Ball, location: 2F
0-2: Strikes out looking
Batting: LHB Jeff Daniels 0-0: Ball
1-0: Ball
2-0: Called Strike
2-1: Ball
3-1: Ground out U3 (Groundball, 3)
Bottom of the 10th over - 0 run(s), 0 hit(s), 0 error(s), 0 left on base; Kalamazoo 5 - Portland 4
Monday, December 5th, 2016 - OOTP Baseball 17.12 Build 75